 Dungeon Crawl Stone Soup version 0.30-a0-802-gb92711bcdf (webtiles) character file.

Game seed: 8816232835413522103

11679 cheesebisquit the Frost Mage (level 11, -7/79 HPs)
             Began as a Merfolk Ice Elementalist on Feb 23, 2023.
             Was a Priest of Qazlal.
             Mangled by a meliai
             ... wielding a +0 hand axe
              (8 damage)
             ... on level 12 of the Dungeon.
             The game lasted 01:03:34 (14594 turns).

cheesebisquit the Frost Mage (MfIE)                Turns: 14594, Time: 01:03:35

Health: -7/79      AC: 12    Str:  9    XL:     11   Next: 81%
Magic:  16/24      EV: 15    Int: 19    God:    Qazlal [***...]
Gold:   616        SH:  3    Dex: 14    Spells: 17/28 levels left

rFire   . . .      SeeInvis +    K - +3 halberd
rCold   . . .      Faith    +    (shield currently unavailable)
rNeg    . . .      Spirit   .    a - +1 robe
rPois   .          Reflect  .    z - +2 helmet
rElec   .          Harm     .    c - +1 cloak
rCorr   .          Rampage  .    I - +1 pair of gloves
Will    +....                    M - +1 pair of boots
Stlth   ++                       e - amulet of faith
HPRegen 0.33/turn                i - ring of willpower
MPRegen 0.19/turn                w - ring of see invisible

@: no status effects
A: (nimble swimmer 2), mertail
a: Renounce Religion, Upheaval, Elemental Force


You were on level 12 of the Dungeon.
You worshipped Qazlal.
Qazlal was most pleased with you.
You visited 2 branches of the dungeon, and saw 13 of its levels.

You collected 616 gold pieces.

Inventory:

Hand Weapons
 r - a +0 trident
 s - a +1 hand axe of flaming
 J - a +0 glaive
 K - a +3 halberd (weapon)
 L - a +4 spear
 R - a +0 antimagic spear
Missiles
 h - 3 javelins
 o - a throwing net
 q - 55 poisoned darts
 t - 2 silver boomerangs
 x - 3 boomerangs
 H - 3 curare-tipped darts
Armour
 a - a +1 robe (worn)
 c - a +1 cloak (worn)
 z - a +2 helmet (worn)
 F - a +1 leather armour of fire resistance
 I - a +1 pair of gloves (worn)
 M - a +1 pair of boots (worn)
 T - a +0 kite shield
Jewellery
 e - an amulet of faith (around neck)
 i - a ring of willpower (left hand)
 v - a +6 ring of dexterity
 w - a ring of see invisible (right hand)
 Q - a ring of poison resistance
Wands
 b - a wand of flame (55)
 y - a wand of mindburst (4)
 D - a wand of charming (21)
 P - a wand of roots (8)
Scrolls
 d - 2 scrolls of teleportation
 g - a scroll of identify
 j - a scroll of amnesia
 n - a scroll of silence
 p - a scroll of torment
 u - a scroll of magic mapping {unknown}
 A - a scroll of blinking
 B - a scroll of acquirement {unknown}
 E - 2 scrolls of poison {unknown}
 O - a scroll of brand weapon {unknown}
 S - a scroll of fear {unknown}
Potions
 f - 2 potions of flight
 k - a potion of curing
 l - a potion of might
 m - 3 potions of ambrosia
 C - 2 potions of haste
 G - a potion of invisibility
 N - 2 potions of mutation {unknown}


   Skills:
 + Level 5.0 Fighting
 + Level 11.5 Polearms
 + Level 6.6 Dodging
 - Level 2.1 Stealth
 + Level 9.4 Spellcasting
 + Level 11.7 Ice Magic
 + Level 4.9 Invocations


You had 17 spell levels left.
You knew the following spells:

 Your Spells              Type           Power      Damage    Failure   Level
a - Freeze                Ice            100%       1d10      1%          1
c - Summon Ice Beast      Ice/Summ       31%        N/A       7%          4
x - Ozocubu's Armour      Ice            52%        N/A       1%          3
z - Frozen Ramparts       Ice            100%       1d16      1%          3

Your spell library contained the following spells:

 Spells                   Type           Power      Damage    Failure   Level
 Leda's Liquefaction      Hex/Erth       4%         N/A       61%         4
 Lee's Rapid Deconstruct  Erth           4%         3d5*      91%         5
 Statue Form              Tmut/Erth      5%         N/A       100%        6


Dungeon Overview and Level Annotations

Branches:
Dungeon (12/15)            Temple (1/1) D:7            Lair (0/5) D:10
    Orc (0/2) D:11

Altars:
Ashenzari
Cheibriados
Dithmenos
Elyvilon
Fedhas
Gozag
Hepliaklqana
Kikubaaqudgha
Makhleb
Nemelex Xobeh
Okawaru
Qazlal
Ru
Sif Muna
Trog
Uskayaw
Vehumet
Wu Jian
Xom
Yredelemnul
Zin
The Shining One

Shops:
D:8 :

Annotations:
D:6 2 runed translucent doors, ders's ghost, novice DjCj
D:11 4 transporters


Innate Abilities, Weirdness & Mutations

((You are very nimble when in or above water. (Stealth+, EV+, Speed+++)))
Your lower body shifts to a powerful aquatic tail in water.


Message History

The wall freezes the meliai.
A boulder beetle comes into view.
The wall freezes the meliai.
The meliai misses you.
The meliai hits your ice beast with a +0 hand axe.
The meliai barely misses you.
Your ice beast hits the meliai but does no damage.
Your Fighting skill increases to level 5!
You barely miss the meliai.
The meliai is moderately wounded.
The meliai mumbles some strange prayers to its god against you.
Something smites you!
The wall freezes the meliai.
The meliai invokes the aid of its god against you.
Something smites you!
* * * LOW HITPOINT WARNING * * *
The wall freezes the meliai.
The meliai closely misses you.
The meliai hits your ice beast with a +0 hand axe!
The meliai misses you.
The wall freezes the meliai. x2
The meliai closely misses you.
The meliai hits your ice beast with a +0 hand axe.
The meliai closely misses you.
Your ice beast closely misses the meliai.
Your icy armour and frozen ramparts will break if you move.
Continue?
Your icy armour cracks and falls away as you move.
The frozen ramparts melt away as you move.
The meliai hits your ice beast with a +0 hand axe!
Your ice beast dies!
Your ice beast disappears in a puff of smoke!
The meliai closely misses you. The meliai stings you!
* * * LOW HITPOINT WARNING * * *
You are lethally poisoned!
The meliai poisons you!
The meliai calls down the wrath of its god upon you.
Something smites you!
* * * LOW HITPOINT WARNING * * *
You feel better.
The meliai calls down the wrath of its god upon you.
Something smites you!
* * * LOW HITPOINT WARNING * * *
The meliai hits you with a +0 hand axe!
You die...

#.# #.# #.#
#.# ##.# #..#
#.## #.# #@#
#y#
.B....yy§.#
......§.§.#
.......<..#
.^.....!...
..........=.
..###########
..


You could see 3 meliai.

Vanquished Creatures
  A two-headed ogre (D:6)
  A manticore (D:12)
  A cyclops (D:12)
  A gargoyle (D:10)
  A komodo dragon (D:10)
  2 hornets
  2 trolls (D:11)
  3 shadows
  A vampire (D:11)
  A wraith (D:11)
  12 yaks
  A wyvern (D:7)
  3 wargs (D:10)
  Menkaure (D:5)
  Duvessa (D:5)
  A water moccasin (D:9)
  4 ice beasts
  9 orc warriors
  A black bear (D:7)
  5 ogres
  7 centaurs
  2 phantoms
  3 bullfrogs
  2 gnoll sergeants (D:11)
  6 kobold brigands
  4 scorpions
  A necrophage (D:5)
  4 wights (D:8)
  Dowan (D:5)
  A howler monkey (D:4)
  3 hounds
  4 orc priests
  A jelly (D:6)
  Jessica (D:2)
  5 iguanas
  7 orc wizards
  7 adders
  13 gnolls
  2 shadow imps
  2 white imps (D:7)
  2 worms (D:3)
  A dart slug (D:1)
  38 orcs
  11 ball pythons
  8 endoplasms
  12 giant cockroaches
  9 goblins
  8 hobgoblins
  7 jackals
  5 quokkas
  A bat (D:3)
  6 frilled lizards (D:1)
  24 kobolds
  6 rats
266 creatures vanquished.

Vanquished Creatures (collateral kills)
  A two-headed ogre (D:11)
  A wraith (D:10)
  A yak (D:11)
  An ogre (D:11)
  A wight (D:8)
  A howler monkey (D:12)
  An orc (D:11)
7 creatures vanquished.

Grand Total: 273 creatures vanquished

Notes
Turn   | Place    | Note
-------+----------+-------------------------------------------
     0 | D:1      | cheesebisquit the Merfolk Ice Elementalist began the quest
                  | for the Orb.
     0 | D:1      | Reached XP level 1. HP: 13/13 MP: 3/3
   138 | D:1      | Reached XP level 2. HP: 19/19 MP: 3/5
   138 | D:1      | Found a faded altar of an unknown god.
   391 | D:1      | Reached XP level 3. HP: 24/24 MP: 3/6
   505 | D:1      | Reached skill level 5 in Ice Magic
   919 | D:2      | Noticed Jessica
   926 | D:2      | Killed Jessica
   927 | D:2      | Reached XP level 4. HP: 25/30 MP: 5/8
  1559 | D:2      | Found a glowing silver altar of Zin.
  1577 | D:3      | Found a bloodstained altar of Trog.
  2028 | D:2      | HP: 1/30 [gnoll/+0 flail (8)]
  2032 | D:2      | Reached XP level 5. HP: 26/35 MP: 2/10
  2706 | D:4      | Reached XP level 6. HP: 26/41 MP: 6/12
  2941 | D:4      | Reached skill level 1 in Polearms
  2971 | D:4      | Found an ancient bone altar of Kikubaaqudgha.
  3315 | D:4      | Learned a level 3 spell: Frozen Ramparts
  3319 | D:4      | Learned a level 3 spell: Ozocubu's Armour
  3324 | D:4      | Learned a level 4 spell: Summon Ice Beast
  3610 | D:4      | Reached XP level 7. HP: 22/46 MP: 1/14
  3764 | D:5      | Entered Level 5 of the Dungeon
  3894 | D:5      | Noticed Menkaure
  3895 | D:5      | Found a white marble altar of Elyvilon.
  3903 | D:5      | Killed Menkaure
  3904 | D:5      | Reached skill level 5 in Spellcasting
  4427 | D:5      | Reached XP level 8. HP: 35/52 MP: 8/16
  5105 | D:5      | Noticed Dowan
  5176 | D:5      | Noticed Duvessa
  5414 | D:6      | Found an iron altar of Okawaru.
  5451 | D:6      | Reached skill level 5 in Polearms
  6367 | D:6      | Noticed a two-headed ogre
  6378 | D:6      | Killed a two-headed ogre
  6379 | D:6      | Reached XP level 9. HP: 54/57 MP: 5/19
  6547 | D:6      | Found a large runed translucent door.
  6547 | D:6      | Found a large runed translucent door.
  6551 | D:6      | Noticed ders's ghost (novice DjCj)
  6750 | D:5      | Killed Dowan
  6833 | D:5      | Killed Duvessa
  7040 | D:5      | Found a white marble altar of Elyvilon.
  8135 | D:7      | Identified the +10 mace of Wondrous Power {heavy, rElec rC-
                  | Dex+3 Stlth+}
  8300 | D:7      | Noticed a hornet
  8308 | D:7      | Killed a hornet
  8440 | D:7      | Found a staircase to the Ecumenical Temple.
  8461 | Temple   | Entered the Ecumenical Temple
  8563 | Temple   | Became a worshipper of Qazlal Stormbringer
  8618 | D:7      | Reached skill level 10 in Ice Magic
  8659 | D:7      | Found a hide-covered altar of Uskayaw.
  9051 | D:7      | Reached XP level 10. HP: 55/63 MP: 12/21
  9631 | D:8      | Found a sparkling altar of Nemelex Xobeh.
  9812 | D:8      | Found Duling's Book Emporium.
  9856 | D:8      | Reached * piety under Qazlal
 10277 | D:9      | Reached skill level 10 in Polearms
 10284 | D:9      | Reached skill level 1 in Fighting
 10284 | D:9      | Reached skill level 1 in Invocations
 10593 | D:9      | Identified the +7 morningstar "Saghoqai" {elec, Will+}
 11180 | D:9      | Paralysed by a hornet for 1 turns
 11499 | D:10     | Entered Level 10 of the Dungeon
 11769 | D:10     | Noticed a gargoyle
 11787 | D:10     | Killed a gargoyle
 11904 | D:10     | Reached XP level 11. HP: 75/75 MP: 13/23
 12046 | D:10     | Found a shimmering blue altar of Sif Muna.
 12095 | D:10     | Reached skill level 5 in Dodging
 12225 | D:10     | Found a staircase to the Lair.
 12428 | D:10     | Found a glowing golden altar of the Shining One.
 12485 | D:10     | Found a shimmering altar of Xom.
 12657 | D:10     | Reached ** piety under Qazlal
 12963 | D:11     | Noticed a two-headed ogre
 12979 | D:11     | Killed a two-headed ogre
 13776 | D:11     | Found a transporter.
 13782 | D:11     | Found a transporter.
 13812 | D:11     | Found a transporter.
 14039 | D:11     | Found a transporter.
 14245 | D:11     | Found a staircase to the Orcish Mines.
 14278 | D:11     | Reached *** piety under Qazlal
 14490 | D:12     | Noticed a cyclops
 14498 | D:12     | Killed a cyclops
 14581 | D:12     | Noticed a manticore
 14591 | D:12     | Killed a manticore
 14591 | D:12     | Noticed a boulder beetle
 14592 | D:12     | Reached skill level 5 in Fighting
 14593 | D:12     | HP: 2/79 [meliai/divine providence (11)]
 14594 | D:12     | Mangled by a meliai

Illustrated notes

Levels and vault maps discovered:
D:1:      psy_arrival_dodecagon, layout_rooms,
          shapermc_ecumenical_altar_starsandcircs
D:2:      layout_loops_ring, basic_altar, uniq_jessica
D:3:      layout_basic, bloody_trog
D:4:      cheibrodos_helix_gallery, layout_loops_ring,
          mainiacjoe_overflow_24_doors
D:5:      layout_gridville, amcnicky_altar_gilded, uniq_duvessa, uniq_menkaure
D:6:      layout_loops_ring, okawaru_gym_becter, gup_sewer_entry_pipe,
          ebering_ghost_disaster_area, roderic_roman_lattice,
          kennysheep_flooded_box
D:7:      layout_loops_corners, nicolae_uskayaw_dance_hall,
          minmay_temple_entry_sparse_star
D:8:      layout_rooms, lemuel_doored_altar, serial_shops, shop
D:9:      layout_basic
D:10:     layout_long_grid, led_sif_pool, gammafunk_temple_overflow_pools,
          erik_lair_orcish_takeover
D:11:     layout_loops_ring, kennysheep_orc_monster_closet_entryway,
          nicolae_transporter_intersection
D:12:     layout_rooms, chequers_serial_rivers_small_b
Temple:   cyrus_circular_temple

Skill      XL: |  1  2  3  4  5  6  7  8  9 10 11 |
---------------+----------------------------------+-----
Ice Magic      | 5 6 7 9 10 11 | 11.7
Spellcasting   | 3 4 5 6 7 8 9 |  9.4
Polearms       | 3 4 7 9 10 11 | 11.5
Dodging        | 4 6 |  6.6
Fighting       | 3 5 |  5.0
Invocations    | 3 4 |  4.9
Stealth        | |  2.1

Action                     |  1- 3 |  4- 6 |  7- 9 | 10-12 || total
---------------------------+-------+-------+-------+-------++-------
  Melee: Unarmed           |    27 |       |       |       ||    27
         Club              |       |     4 |       |       ||     4
         Quarterstaff      |       |     4 |       |       ||     4
         Halberd           |       |    29 |   141 |   193 ||   363
         Glaive            |       |       |       |    11 ||    11
   Cast: Freeze            |    52 |   129 |    32 |       ||   213
         Ozocubu's Armour  |       |     1 |    33 |    38 ||    72
         Frozen Ramparts   |       |       |    39 |    51 ||    90
         Summon Ice Beast  |       |       |       |    30 ||    30
    Use: Potion            |     1 |     4 |     3 |     8 ||    16
         Scroll            |       |       |    11 |     7 ||    18
   Stab: Sleeping          |       |     7 |     5 |       ||    12
         Distracted        |       |       |       |     3 ||     3
 Armour: Robe              |    14 |    11 |    76 |    55 ||   156
  Dodge: Dodged            |    49 |    84 |    86 |   116 ||   335
  Block: Other             |       |       |       |    11 ||    11

Table legend: (Time is in decaauts)
 A = Elapsed time spent in this place.
 B = Non-inter-level travel time spent in this place.
 C = Inter-level travel time spent in this place.
 D = Time resting spent in this place.
 E = Time spent auto-exploring this place.
 F = Levels seen in this place.
 G = Mean time per level.
                   A        B        C        D        E       F      G
               +--------+--------+--------+--------+--------+-----+--------+
         Total |  14609 |  13820 |    789 |   1783 |   9583 |  13 | 1123.8 |
       Dungeon |  14494 |  13725 |    769 |   1783 |   9498 |  12 | 1207.8 |
        Temple |    115 |     95 |     20 |      0 |     85 |   1 |  115.0 |
               +--------+--------+--------+--------+--------+-----+--------+

Top non-repeatable levels by time:
     D:5: 2453 daAuts
    D:11: 1549 daAuts
     D:6: 1484 daAuts
     D:7: 1473 daAuts
     D:9: 1471 daAuts
     D:4: 1380 daAuts
    D:10: 1179 daAuts
     D:2: 917 daAuts
     D:8: 879 daAuts
     D:1: 854 daAuts
     D:3: 736 daAuts
  Temple: 115 daAuts
    D:12: 114 daAuts
